AoeStats
← zeos0708

Arena

510735963Analyzed
4v4 RM · 19h ago on Oct 2, 2026· 43m 1s· 8 players
Game mode
Random Map
Map size
Large (8 player)
Population
200
Speed
Normal
Resources
Standard
Victory
Conquest
Starting age
Dark Age
Ending age
Imperial Age
RankedLock teamsTeams togetherTeam positionsShared explorationLock speedFull tech treeHidden civsTurbo modeCheats
Victory
Defeat
🇦🇹 Vietnamese · Austria
948
+15
🇦🇷 Spanish · Argentina
945
+15
🇦🇺 Khmer · Australia
942
+16
🇨🇳 Italians · China
930
+16
🇦🇷 Italians · Argentina
1009
-19
🇺🇸 Danes · United States
928
-15
🇬🇷 Japanese · Greece
898
-14
🇫🇷 Byzantines · France
897
-14
zeos0708
10:17 Feudal Age
10:45 Town Watch
10:57 Double-Bit Axe
18:26 Castle Age
16:36 Gold Mining
16:57 Stone Mining
17:17 Horse Collar
20:46 Bow Saw
32:05 Imperial Age
30:13 Wheelbarrow
29:49 Fletching
30:29 Heavy Plow
31:50 Padded Archer Armor
32:38 Hand Cart
33:57 Chemistry
34:05 Conscription
37:34 Bodkin Arrow
37:54 Leather Archer Armor
38:05 Elite Conquistador
40:01 Ring Archer Armor
40:14 Caravan
42:18 Two-Man Saw
TikishTakush
13:06 Feudal Age
17:32 Castle Age
15:25 Double-Bit Axe
17:43 Gold Mining
20:26 Stone Mining
21:49 Stone Shaft Mining
24:15 Loom
25:18 Wheelbarrow
26:24 Horse Collar
27:36 Gold Shaft Mining
29:43 Imperial Age
29:18 Bow Saw
29:58 Masonry
30:25 Double Crossbow
31:34 Chemistry
29:59 Elite Ballista Elephant
32:00 Conscription
32:23 Bloodlines
33:41 Fletching
33:53 Padded Archer Armor
33:59 Scale Barding Armor
35:22 Hoardings
35:51 Architecture
37:00 Husbandry
36:22 Light Cavalry
37:19 Devotion
37:27 Heavy Scorpion
39:00 Hussar
41:51 Chain Barding Armor
41:41 Forging
41:47 Leather Archer Armor
41:28 Bodkin Arrow
max-on-war
12:25 Feudal Age
13:48 Wheelbarrow
13:02 Double-Bit Axe
12:58 Horse Collar
17:49 Castle Age
16:17 Loom
17:55 Gold Mining
18:46 Hand Cart
18:33 Heavy Plow
20:11 Loom
20:54 Fletching
22:21 Bow Saw
22:11 Bodkin Arrow
24:29 Padded Archer Armor
24:04 Crossbowman
27:06 Leather Archer Armor
27:30 Ballistics
31:11 Thumb Ring
35:14 Imperial Age
33:59 Scale Barding Armor
34:58 Forging
35:10 Chain Barding Armor
36:27 Crop Rotation
35:53 Stone Mining
35:30 Capped Ram
37:22 Chemistry
36:30 Husbandry
36:43 Bloodlines
36:11 Arbalester
36:56 Bracer
38:30 Elite Battle Elephant
41:32 Plate Barding Armor
41:33 Iron Casting
42:47 Chatras
43:09 Paper Money
495556203
0:30 Loom
11:11 Feudal Age
12:44 Wheelbarrow
11:52 Horse Collar
11:58 Double-Bit Axe
12:10 Gold Mining
12:34 Stone Mining
12:31 Town Watch
19:06 Castle Age
20:11 Hand Cart
19:59 Heavy Plow
20:11 Bow Saw
20:06 Fletching
21:01 Padded Archer Armor
22:49 Stone Shaft Mining
25:09 Leather Archer Armor
27:07 Bodkin Arrow
27:33 Light Cavalry
28:14 Husbandry
28:25 Bloodlines
29:01 Forging
28:58 Scale Barding Armor
33:15 Imperial Age
31:26 Ballistics
31:32 Bloodlines
32:00 Iron Casting
31:56 Murder Holes
33:18 Chain Barding Armor
32:59 Scale Mail Armor
35:11 Ring Archer Armor
35:51 Two-Man Saw
35:06 Bracer
36:49 Plate Barding Armor
36:38 Hussar
40:25 Blast Furnace
39:40 Chain Mail Armor
40:29 Chemistry
Gut Check
11:23 Feudal Age
16:34 Castle Age
14:24 Double-Bit Axe
16:15 Horse Collar
18:48 Wheelbarrow
20:07 Bow Saw
20:56 Stone Mining
24:49 Elite Skirmisher
25:43 Gold Mining
30:41 Imperial Age
28:32 Town Watch
29:36 Hand Cart
30:29 Fletching
30:51 Forging
30:42 Scale Mail Armor
31:47 Conscription
33:00 Padded Archer Armor
33:09 Loom
33:56 Bodkin Arrow
34:17 Leather Archer Armor
34:32 Heavy Plow
35:07 Elite Jomsviking
36:13 Heavy Scorpion
37:39 Thumb Ring
aggelos
13:02 Feudal Age
13:23 Horse Collar
13:29 Double-Bit Axe
15:21 Wheelbarrow
17:06 Gold Mining
17:08 Stone Mining
23:23 Castle Age
25:08 Gold Shaft Mining
24:58 Hand Cart
24:58 Bow Saw
24:50 Heavy Plow
27:12 Forging
27:03 Scale Mail Armor
26:50 Gambesons
27:05 Squires
26:50 Arson
30:33 Iron Casting
30:13 Chain Mail Armor
33:52 Imperial Age
35:26 Conscription
34:27 Elite Samurai
34:40 Capped Ram
37:16 Blast Furnace
36:46 Plate Mail Armor
38:09 Kataparuto
39:49 Two-Man Saw
38:44 Elite Skirmisher
39:46 Fletching
39:57 Padded Archer Armor
41:21 Bodkin Arrow
Cameleon_
10:42 Feudal Age
11:54 Loom
15:34 Castle Age
13:30 Horse Collar
22:18 Wheelbarrow
21:37 Double-Bit Axe
22:16 Heavy Plow
23:21 Gold Mining
23:22 Stone Mining
25:16 Gold Shaft Mining
24:31 Stone Mining
24:54 Bow Saw
26:03 Hand Cart
26:49 Squires
26:35 Gambesons
26:35 Arson
26:54 Husbandry
28:31 Elite Skirmisher
31:18 Scale Barding Armor
31:24 Forging
31:04 Fletching
31:15 Scale Mail Armor
32:16 Padded Archer Armor
34:50 Imperial Age
33:34 Iron Casting
33:22 Chain Barding Armor
33:27 Fortified Wall
32:58 Treadmill Crane
33:38 Bodkin Arrow
33:45 Caravan
35:12 Chain Mail Armor
35:13 Leather Archer Armor
36:31 Logistica
36:58 Hoardings
36:23 Greek Fire
36:43 Conscription
36:06 Elite Cataphract
40:09 Chemistry
39:05 Murder Holes
39:31 Ballistics
40:41 Guilds
41:41 Chain Mail Armor
41:41 Leather Archer Armor
41:22 Bodkin Arrow
41:47 Light Cavalry
41:49 Cavalier
43:38 Chain Barding Armor
cosito
10:23 Feudal Age
14:46 Castle Age
17:32 Wheelbarrow
16:50 Double-Bit Axe
16:57 Horse Collar
18:11 Heavy Plow
23:18 Bow Saw
23:18 Fletching
24:54 Hand Cart
24:26 Town Watch
24:28 Loom
27:08 Gold Mining
27:12 Stone Mining
29:55 Imperial Age
29:08 Town Patrol
29:31 Bodkin Arrow
29:36 Padded Archer Armor
30:43 Thumb Ring
31:56 Two-Man Saw
31:29 Crop Rotation
31:38 Stone Shaft Mining
32:52 Conscription
32:46 Pirotechnia
33:50 Chemistry
33:12 Ballistics
36:34 Squires
37:12 Redemption
39:14 Forging
39:06 Scale Mail Armor
Connection lost

Rejoining the realm…

Still unreachable

The connection could not be restored.

Session expired

The server has moved on; the page needs a fresh start.